 Dungeon Crawl Stone Soup version 0.27-a0-1308-gc08437e49b (webtiles) character file.

Game seed: 3866790899410526135

189 freelancePsychic the Skirmisher (level 5, -1/44 HPs)
             Began as a Demonspawn Fighter on June 18, 2021.
             Was a Believer of Trog.
             Killed from afar by Sigmund (11 damage)
             ... with a puff of flame
             ... on level 4 of the Dungeon.
             The game lasted 00:03:54 (3137 turns).

freelancePsychic the Skirmisher (DsFi)              Turns: 3137, Time: 00:03:54

Health: -1/44      AC:  8    Str: 18    XL:     5   Next: 40%
Magic:  5/5        EV:  7    Int:  9    God:    Trog [**....]
Gold:   138        SH:  9    Dex: 12    Spells: 4/4 levels left

rFire    . . .     SeeInvis .     - Unarmed
rCold    . . .     Faith    .   b - +0 kite shield
rNeg     . . .     Spirit   .   a - +0 scale mail
rPois    +         Reflect  .   o - +0 helmet
rElec    .         Harm     .   (no cloak)
rCorr    .         Rampage  .   (no gloves)
Will     .....                  (no boots)
Stlth    ..........             l - amulet of regeneration
HPRegen  1.14/turn              n - ring of poison resistance
MPRegen  0.18/turn              r - ring of flight

@: about to teleport, on berserk cooldown, flying, slowed, very slow
A: rugged brown scales 1, powered by pain 1, magic regeneration
a: Renounce Religion, Berserk, Trog's Hand


You were on level 4 of the Dungeon.
You worshipped Trog.
Trog was pleased with you.
You visited 1 branch of the dungeon, and saw 4 of its levels.

You collected 138 gold pieces.

Inventory:

Armour
 a - a +0 scale mail (worn)
 b - a +0 kite shield (worn)
 o - a +0 helmet (worn)
Jewellery
 l - an amulet of regeneration (around neck)
 n - a ring of poison resistance (left hand)
 r - a ring of flight (right hand)
 s - a +6 ring of dexterity
 u - an amulet of reflection
Scrolls
 d - a scroll of amnesia
 f - a scroll of vulnerability {unknown}
 g - a scroll of noise
 j - a scroll of teleportation {@r4}
 m - a scroll of silence {unknown}
 q - a scroll of blinking {unknown}
 t - a scroll of identify {@r1}
Potions
 c - a potion of might
 e - a potion of degeneration {unknown}
 h - a potion of resistance
 i - a potion of curing {@q1}
 k - a potion of lignification {unknown}
 p - 2 potions of heal wounds {unknown}


   Skills:
 + Level 4.7 Fighting
 - Level 2.7 Armour
 + Level 4.3 Shields
 - Level 1.8 Unarmed Combat


You had 4 spell levels left.
You didn't know any spells.
Your spell library was empty.

Dungeon Overview and Level Annotations

Branches:
Dungeon (4/15)
 Temple: D:4-7

Altars:
Trog

Shops:
D:1 [*=:   D:4 *

Annotations:
D:4 Sigmund


Innate Abilities, Weirdness & Mutations

You are partially covered in rugged brown scales. (AC +1, +3% HP)
You sometimes gain a little power by taking damage.
You regenerate magic rapidly.


Message History

The howler monkey hits you. Something hits you.
You barely miss the howler monkey.
The howler monkey is heavily wounded.
The howler monkey closely misses you. Something hits you!
You punch the howler monkey!
The howler monkey is almost dead.
The howler monkey closely misses you.
You punch the howler monkey!
You kill the howler monkey!
Trog accepts your kill. Something hits you but does no damage.
You hear some strange, mumbled words.
Something tries to affect you, but you resist.
You closely miss something. Something hits you but does no damage.
You miss something. Something hits you.
You hit something. You miss something. Something hits you.
You hit something. Something hits you.
You closely miss something. Something hits you but does no damage.
You closely miss something. Something hits you.
You closely miss something. Something hits you.
You miss something. You miss something. Something hits you.
You closely miss something. Something hits you.
* * * LOW HITPOINT WARNING * * *
You miss something. Something hits you but does no damage.
Your shield and scale mail prevent you from hitting something.
You are no longer berserk.
You are exhausted.
You feel yourself slow down.
It was a potion of curing.
You feel better. Something hits you!
* * * LOW HITPOINT WARNING * * *
Something hits you.
* * * LOW HITPOINT WARNING * * *
As you read the scroll of teleportation {@r4}, it crumbles to dust.
You feel strangely unstable.
You hear some strange, mumbled words.
A puff of flame appears from out of thin air!
The puff of flame hits you!
You die...

##.#.#
#########.#..#
.......#.###.##
#..## ##.#
#.#.###.##
#.##.#.# ##.##.
##.#
......###?#
......{@..#
###########


There were no monsters in sight!

Vanquished Creatures
  A howler monkey (D:4)
  A hound (D:4)
  A hound skeleton (D:4)
  4 adders
  3 worms
  A dart slug (D:1)
  An orc (D:4)
  6 bats
  3 endoplasms (D:2)
  3 giant cockroaches
  3 hobgoblins
  4 jackals (D:2)
  4 kobolds
  5 quokkas
  3 ball pythons
  9 frilled lizards
  7 goblins
  5 rats
64 creatures vanquished.

Notes
Turn   | Place    | Note
-------+----------+-------------------------------------------
     0 | D:1      | freelancePsychic the Demonspawn Fighter began the quest for
                  | the Orb.
     0 | D:1      | Reached XP level 1. HP: 18/18 MP: 1/1
   207 | D:1      | Found Elipezes's General Store.
   273 | D:1      | Found Jiag's Armour Shop.
   363 | D:1      | Found Nawon's Jewellery Shoppe.
   414 | D:1      | Gained mutation: You are partially covered in rugged brown
                  | scales. (AC +1, +3% HP) [demonic ancestry]
   414 | D:1      | Reached XP level 2. HP: 18/24 MP: 2/2
   553 | D:1      | Found Nadefew's Book Emporium.
   730 | D:1      | Found a faded altar of an unknown god.
   984 | D:1      | Became a worshipper of Trog the Wrathful
   984 | D:1      | Reached * piety under Trog
  1155 | D:2      | Reached XP level 3. HP: 29/29 MP: 3/3
  1770 | D:2      | Gained mutation: You sometimes gain a little power by
                  | taking damage. [demonic ancestry]
  1770 | D:2      | Reached XP level 4. HP: 38/38 MP: 4/4
  2301 | D:3      | Reached ** piety under Trog
  2917 | D:4      | Found Buyr's Assorted Antiques.
  3039 | D:4      | Gained mutation: You regenerate magic rapidly. [demonic
                  | ancestry]
  3039 | D:4      | Reached XP level 5. HP: 42/44 MP: 5/5
  3111 | D:4      | Noticed Sigmund
  3137 | D:4      | Killed from afar by Sigmund

Illustrated notes

Levels and vault maps discovered:
D:1:      evilmike_arrival_rings, layout_loops_ring,
          hellmonk_ecumenical_altar_leap_of_faith, serial_shops,
          nicolae_shop_window_shopping, nicolae_shop_stone, shop, shop
D:2:      minmay_diamond_boxcup, layout_basic
D:3:      minmay_recursive_quarters, layout_loops_ring
D:4:      layout_loops_cross, nicolae_vehumet_altar_sigil, serial_shops, shop,
          nicolae_shop_stone, shop, due_unseen_surprise, uniq_sigmund

Skill      XL: |  1  2  3  4 |
---------------+-------------+-----
Shields        | 3 4 |  4.3
Fighting       | 4 |  4.7
Armour         | |  2.7
Unarmed Combat | |  1.8

Action                   |  1- 3 |  4- 6 || total
-------------------------+-------+-------++-------
Melee: Unarmed           |   218 |   146 ||   364
Invok: Berserk           |     2 |     2 ||     4
  Use: Scroll            |     4 |     1 ||     5
       Potion            |       |     1 ||     1
Armor: Scale mail        |   147 |    56 ||   203
Dodge: Dodged            |    83 |    51 ||   134
Block: Kite shield       |   142 |    60 ||   202

Table legend: (Time is in decaauts)
 A = Elapsed time spent in this place.
 B = Non-inter-level travel time spent in this place.
 C = Inter-level travel time spent in this place.
 D = Time resting spent in this place.
 E = Time spent auto-exploring this place.
 F = Levels seen in this place.
 G = Mean time per level.
                   A        B        C        D        E       F      G
               +--------+--------+--------+--------+--------+-----+--------+
         Total |   3232 |   3100 |    132 |    146 |   2348 |   4 |  808.0 |
       Dungeon |   3232 |   3100 |    132 |    146 |   2348 |   4 |  808.0 |
               +--------+--------+--------+--------+--------+-----+--------+

Top non-repeatable levels by time:
     D:2: 1237 daAuts
     D:1: 1022 daAuts
     D:3: 744 daAuts
     D:4: 228 daAuts
